Inferno vs Monarchs
Created - November 8, 2017 at 23:12
Goals
|
| Inferno |
1 |
2 |
1 |
4 |
| Monarchs |
1 |
1 |
1 |
3 |
|
Shots
|
| Inferno |
8 |
8 |
11 |
27 |
| Monarchs |
12 |
12 |
4 |
28 |
|
1st period
1. Monarchs , Nikita Kucherov 2 (Tyler Toffoli 7) at 2:00 (PP)
2. Inferno , David Ullstrom 6 (Vladimir Sobotka 9) at 6:37
Penalties :
Mathieu Brodeur (Anc) for Interference (Minor) at 1:15, Simon Danis-Pepin (Anc) for Tripping (Minor) at 15:27, Zach Redmond (Anc) for Slashing (Minor) at 17:49
2nd period
3. Monarchs , Nikita Kucherov 3 (Kyle Clifford 4, Tyler Toffoli 8) at 14:50
4. Inferno , Cal O'Reilly 5 (Esa Lindell 1, Simon Danis-Pepin 2) at 15:45
5. Inferno , Anders Lee 6 (Kyle Palmieri 7) at 19:00
Penalties :
Victor Rask (Anc) for High sticking (Minor) at 8:04, Vladimir Zharkov (Anc) for Elbowing (Minor) at 15:58
3rd period
6. Inferno , Matt Kassian 3 (Kyle Palmieri 8, David Savard 6) at 10:39
7. Monarchs , Riley Cote 8 (Chris Tierney 6, Jordie Benn 3) at 15:50
Penalties :
Riley Cote (MAN) for Slashing (Minor) at 3:22, Vladimir Zharkov (Anc) for Goalie Interference (Minor) at 6:09, Vladimir Sobotka (Anc) for Hooking (Minor) at 11:53, Kyle Clifford (MAN) for Goalie Interference (Minor) at 18:04
Goalie Stats
Christopher Gibson (Anc), 25 saves from 28 shots - (0.893), W, 3-2-0, 60:00 minutes
Niklas Backstrom (MAN), 23 saves from 27 shots - (0.852), L, 3-1-1, 60:00 minutes
Players Stats for Inferno
Player Name G A P +/- PIM S H SB GA TA FO MP PP MP PK MP
------------------------------------------------------------------------------------
Anders Lee 1 0 1 2 0 3 1 0 0 1 4/9 16:02 2:08 2:12
Cal O'Reilly 1 0 1 1 0 3 1 1 1 0 3/9 13:19 0:02 3:30
Christian Folin 0 0 0 1 0 0 1 0 0 1 0/0 12:28 2:06 0:00
David Savard 0 1 1 2 0 0 3 4 1 0 0/0 20:34 0:00 6:16
David Ullstrom 1 0 1 1 0 5 1 3 0 1 2/3 22:08 0:00 5:50
Esa Lindell 0 1 1 1 0 1 0 0 1 0 0/0 10:01 0:00 0:49
Kyle Palmieri 0 2 2 2 0 2 1 0 1 1 2/2 13:17 1:44 0:00
Mathieu Brodeur 0 0 0 2 2 0 3 1 0 1 0/0 20:04 0:00 5:47
Matt Kassian 1 0 1 1 0 3 3 1 0 0 0/0 18:13 1:44 4:38
Matthew Nieto 0 0 0 -1 0 2 2 0 0 0 0/0 9:02 0:02 2:57
Sami Vatanen 0 0 0 -1 0 3 1 3 1 1 0/0 26:09 1:48 5:34
Simon Danis-Pepin 0 1 1 -1 2 1 1 1 0 1 0/0 24:36 1:48 4:22
Tanner Pearson 0 0 0 1 0 1 0 0 0 0 2/2 11:45 2:08 0:22
Tyler Shattock 0 0 0 -1 0 0 0 1 0 0 0/0 5:59 0:02 0:00
Victor Rask 0 0 0 -1 2 0 0 0 0 0 3/4 8:39 1:44 0:23
Vladimir Sobotka 0 1 1 0 2 3 1 1 0 0 19/28 21:26 0:00 5:26
Vladimir Zharkov 0 0 0 0 4 0 0 1 1 0 0/0 18:07 2:08 0:00
Zach Redmond 0 0 0 1 2 0 0 0 0 2 0/0 15:25 2:06 2:30
Players Stats for Monarchs
Player Name G A P +/- PIM S H SB GA TA FO MP PP MP PK MP
------------------------------------------------------------------------------------
Brandon Gormley 0 0 0 -1 0 2 3 0 0 0 0/0 23:42 7:27 0:00
Bryan Rust 0 0 0 0 0 0 0 0 0 1 0/1 9:40 0:10 2:19
Chris Tierney 0 1 1 -1 0 1 1 0 0 0 5/11 18:57 5:22 1:45
Colton Sissons 0 0 0 0 0 0 3 0 0 0 1/5 8:18 0:00 0:49
Connor Brown 0 0 0 0 0 2 0 0 1 0 0/1 18:05 6:50 0:00
Emerson Etem 0 0 0 -1 0 0 3 0 2 0 0/0 17:09 5:12 0:00
Igor Makarov 0 0 0 0 0 0 0 0 0 0 0/0 0:30 0:29 0:00
Jeff Skinner 0 0 0 0 0 1 3 1 0 0 1/1 17:06 5:22 0:24
Joe Morrow 0 0 0 2 0 1 1 0 0 0 0/0 11:48 0:36 0:00
Jordie Benn 0 1 1 2 0 0 0 1 0 0 0/0 12:10 0:00 1:58
Kyle Clifford 0 1 1 -1 2 0 3 0 0 1 1/2 19:14 5:22 0:45
Matt Irwin 0 0 0 -3 0 5 3 1 1 0 0/0 25:24 6:51 1:56
Matt Tennyson 0 0 0 -3 0 1 0 1 0 1 0/0 23:23 5:12 1:58
Nikita Kucherov 2 0 2 -1 0 5 0 0 3 2 0/1 19:57 6:59 0:00
Olli Maatta 0 0 0 -1 0 0 1 1 0 0 0/0 18:17 0:00 1:56
Patrick Maroon 0 0 0 0 0 2 1 0 1 0 0/0 7:37 0:00 0:26
Riley Cote 1 0 1 -1 2 2 2 1 1 0 1/1 13:23 0:33 0:54
Tom Pyatt 0 0 0 0 0 2 1 0 0 1 3/9 11:35 0:00 0:26
Tyler Toffoli 0 2 2 -1 0 4 1 1 0 0 10/25 19:49 6:50 0:00
3 Stars
1 - Nikita Kucherov (MAN)
2 - Matt Kassian (Anc)
3 - Anders Lee (Anc)
Power Play
Inferno - 0 on 2 Attempt(s) - 0.00%
Monarchs - 1 on 7 Attempt(s) - 14.29%
Penalty Kill
Inferno - 6 on 7 Attempt(s) - 85.71%
- Score 0 goal in Penalty Kill
Monarchs - 2 on 2 Attempt(s) - 100.00%
- Score 0 goal in Penalty Kill
Team Stat
Inferno - Hits : 19 - Faceoff Wins : 35 - Blocked Shots : 17 - Penalty Minutes : 14
Monarchs - Hits : 26 - Faceoff Wins : 22 - Blocked Shots : 7 - Penalty Minutes : 4
Official
Referees : Kowal Tom and StLaurent Francois
Linesman : Andy McElman and Mark Pare
Game Notes
16:55 of 1st period - Monarchs goal is going for a video replay. After video review, No Goal. The referee deems the play has been stopped, even if he had not physically had the opportunity to stop play by blowing his whistle.
Finance
Level 1 -- Attendance: 1505 (75.25%) -- Ticket Income $60,200
Level 2 -- Attendance: 758 (75.80%) -- Ticket Income $15,160
Total Attendance: 2263 (75.43%)
Total Ticket Income: $75,360
Other Income: $3,768
Total Income: $79,128
Inferno
5 vs 5 Forward
Center Left Wing Right Wing Time % Phy DF OF
1 Vladimir Sobotka David Ullstrom Vladimir Zharkov 40 1 2 2
2 Anders Lee Matt Kassian Kyle Palmieri 30 1 2 2
3 Cal O'Reilly Tanner Pearson Esa Lindell 20 1 2 2
4 Victor Rask Matthew Nieto Tyler Shattock 10 1 2 2
5 vs 5 Defense
Defense Defense Time % Phy DF OF
1 Simon Danis-Pepin Sami Vatanen 40 1 2 2
2 Mathieu Brodeur David Savard 30 1 2 2
3 Zach Redmond Christian Folin 20 1 2 2
4 Mathieu Brodeur David Savard 10 1 2 2
PowerPlay Forward
Center Left Wing Right Wing Time % Phy DF OF
1 Anders Lee Tanner Pearson Vladimir Zharkov 60 1 2 2
2 Victor Rask Matt Kassian Kyle Palmieri 40 1 2 2
PowerPlay Defense
Defense Defense Time % Phy DF OF
1 Simon Danis-Pepin Sami Vatanen 60 1 2 2
2 Zach Redmond Christian Folin 40 1 2 2
Penalty Kill 4 Players Forward
Center Wing Time % Phy DF OF
1 Vladimir Sobotka David Ullstrom 60 1 2 2
2 Cal O'Reilly Matt Kassian 40 1 2 2
Penalty Kill 4 Players Defense
Defense Defense Time % Phy DF OF
1 Mathieu Brodeur David Savard 60 1 2 2
2 Simon Danis-Pepin Sami Vatanen 40 1 2 2
Penalty Kill - 3 Players Forward
Forward Time % Phy DF OF
1 Vladimir Sobotka 60 1 2 2
2 Cal O'Reilly 40 1 2 2
Penalty Kill - 3 Players Defense
Defense Defense Time % Phy DF OF
1 Mathieu Brodeur David Savard 60 1 2 2
2 Simon Danis-Pepin Sami Vatanen 40 1 2 2
4 vs 4 Forward
Center Wing Time % Phy DF OF
1 Vladimir Sobotka David Ullstrom 60 1 2 2
2 Cal O'Reilly Vladimir Zharkov 40 1 2 2
4 vs 4 Defense
Defense Defense Time % Phy DF OF
1 Simon Danis-Pepin Sami Vatanen 60 1 2 2
2 Mathieu Brodeur David Savard 40 1 2 2
Last Minutes Offensive
Center Left Wing Right Wing Defense Defense
Vladimir Sobotka David Ullstrom Vladimir Zharkov Simon Danis-Pepin Sami Vatanen
Last Minutes Defensive
Center Left Wing Right Wing Defense Defense
Vladimir Sobotka David Ullstrom Vladimir Zharkov Mathieu Brodeur David Savard
Goaltenders
Starting : Christopher Gibson
Backup : Michael Hutchinson
Extra Forwards
Normal : David Ullstrom, Kyle Palmieri, Matt Kassian - PP : Victor Rask, Kyle Palmieri - PK : Matt Kassian
Extra Defensemen
Normal : David Savard, Zach Redmond, Mathieu Brodeur - PP : Christian Folin - PK : David Savard, Zach Redmond
Penalty Shots
Kyle Palmieri, Vladimir Sobotka, Victor Rask, Vladimir Zharkov, Anders Lee
Scratches
Chris Brown (Healthy), Frank Corrado (Healthy), Ryan Spooner (Healthy), Joakim Nordstrom (Healthy), Trevor Carrick (Healthy)
Petteri Lindbohm (Healthy), Daniil Tarasov (Healthy), Branden Troock (Healthy), Luca Sbisa (Healthy), Nathan Lieuwen (Healthy)
Monarchs
5 vs 5 Forward
Center Left Wing Right Wing Time % Phy DF OF
1 Tyler Toffoli Kyle Clifford Nikita Kucherov 35 1 1 3
2 Chris Tierney Riley Cote Emerson Etem 30 1 1 3
3 Tom Pyatt Jeff Skinner Connor Brown 30 1 2 2
4 Colton Sissons Patrick Maroon Bryan Rust 5 1 2 2
5 vs 5 Defense
Defense Defense Time % Phy DF OF
1 Matt Irwin Matt Tennyson 40 1 3 1
2 Olli Maatta Brandon Gormley 40 1 3 1
3 Jordie Benn Joe Morrow 20 1 3 1
4 Brandon Gormley Joe Morrow 0 1 2 2
PowerPlay Forward
Center Left Wing Right Wing Time % Phy DF OF
1 Tyler Toffoli Nikita Kucherov Connor Brown 60 0 1 4
2 Chris Tierney Jeff Skinner Kyle Clifford 40 0 1 4
PowerPlay Defense
Defense Defense Time % Phy DF OF
1 Matt Irwin Brandon Gormley 60 0 2 3
2 Emerson Etem Matt Tennyson 40 0 2 3
Penalty Kill 4 Players Forward
Center Wing Time % Phy DF OF
1 Riley Cote Bryan Rust 60 0 4 1
2 Tom Pyatt Patrick Maroon 40 0 4 1
Penalty Kill 4 Players Defense
Defense Defense Time % Phy DF OF
1 Jordie Benn Matt Tennyson 60 1 4 0
2 Olli Maatta Matt Irwin 40 1 4 0
Penalty Kill - 3 Players Forward
Forward Time % Phy DF OF
1 Riley Cote 60 1 2 2
2 Bryan Rust 40 1 2 2
Penalty Kill - 3 Players Defense
Defense Defense Time % Phy DF OF
1 Matt Irwin Jordie Benn 60 1 2 2
2 Matt Tennyson Olli Maatta 40 1 2 2
4 vs 4 Forward
Center Wing Time % Phy DF OF
1 Tyler Toffoli Kyle Clifford 60 1 2 2
2 Connor Brown Nikita Kucherov 40 1 2 2
4 vs 4 Defense
Defense Defense Time % Phy DF OF
1 Brandon Gormley Matt Tennyson 60 1 2 2
2 Matt Irwin Joe Morrow 40 1 2 2
Last Minutes Offensive
Center Left Wing Right Wing Defense Defense
Tyler Toffoli Kyle Clifford Nikita Kucherov Brandon Gormley Matt Irwin
Last Minutes Defensive
Center Left Wing Right Wing Defense Defense
Chris Tierney Riley Cote Bryan Rust Jordie Benn Matt Tennyson
Goaltenders
Starting : Niklas Backstrom
Backup : Matt Murray
Extra Forwards
Normal : Nikita Kucherov, Connor Brown, Chris Tierney - PP : Riley Cote, Igor Makarov - PK : Chris Tierney
Extra Defensemen
Normal : Matt Irwin, Brandon Gormley, Matt Tennyson - PP : Joe Morrow - PK : Brandon Gormley, Joe Morrow
Penalty Shots
Nikita Kucherov, Riley Cote, Jeff Skinner, Igor Makarov, Tyler Toffoli
Scratches
Philip Varone (Healthy), Christophe Lalancette (Healthy), Jujhar Khaira (Healthy), Derek Forbort (Healthy), Vojtech Polak (Healthy)
Jamie McGinn (Healthy), Tyler McNeely (Healthy), Ryan White (Healthy), Trevor Lewis (Healthy), Anthony Peluso (Healthy)
Jake Muzzin (Healthy), Eric Gustafsson (Healthy), Darcy Kuemper (Healthy), Jeff Frazee (Healthy)
% Time on Ice - Inferno
Lines # - Real PCT - Wanted PCT - Time Play
Normal Forward
1 - 37% - 40% - 16:10
2 - 28% - 30% - 12:08
3 - 21% - 20% - 9:12
4 - 14% - 10% - 5:57
Normal Defense
1 - 39% - 40% - 16:44
2 - 31% - 30% - 13:18
3 - 24% - 20% - 10:22
4 - 7% - 10% - 3:03
PP Forward
1 - 56% - 60% - 2:10
2 - 44% - 40% - 1:44
PP Defense
1 - 46% - 60% - 1:48
2 - 54% - 40% - 2:06
PK Forward
1 - 72% - 60% - 9:09
2 - 28% - 40% - 3:30
PK Defense
1 - 56% - 60% - 7:05
2 - 44% - 40% - 5:34
PK3 Forward
1 - 0% - 60%
2 - 0% - 40%
PK3 Defense
1 - 0% - 60%
2 - 0% - 40%
44 Forward
1 - 0% - 60%
2 - 0% - 40%
44 Defense
1 - 0% - 60%
2 - 0% - 40%
Last Minute Offensive - 0:00
Last Minute Defensive - 0:00
Total
Forward - 60:00
Defense - 60:00
|
% Time on Ice - Monarchs
Lines # - Real PCT - Wanted PCT - Time Play
Normal Forward
1 - 30% - 35% - 13:03
2 - 28% - 30% - 12:04
3 - 26% - 30% - 11:09
4 - 17% - 5% - 7:11
Normal Defense
1 - 39% - 40% - 16:55
2 - 37% - 40% - 16:03
3 - 23% - 20% - 10:12
4 - 1% - 0% - 0:17
PP Forward
1 - 58% - 60% - 7:17
2 - 42% - 40% - 5:22
PP Defense
1 - 59% - 60% - 7:27
2 - 41% - 40% - 5:12
PK Forward
1 - 89% - 60% - 3:28
2 - 11% - 40% - 0:26
PK Defense
1 - 50% - 60% - 1:58
2 - 50% - 40% - 1:56
PK3 Forward
1 - 0% - 60%
2 - 0% - 40%
PK3 Defense
1 - 0% - 60%
2 - 0% - 40%
44 Forward
1 - 0% - 60%
2 - 0% - 40%
44 Defense
1 - 0% - 60%
2 - 0% - 40%
Last Minute Offensive - 0:00
Last Minute Defensive - 0:00
Total
Forward - 60:00
Defense - 60:00
|
Play by Play
1st period
0:01 of 1st period - Tyler Toffoli wins face-off versus Vladimir Sobotka in neutral zone.
0:12 of 1st period - Kyle Clifford is hit by Simon Danis-Pepin and loses puck.
0:33 of 1st period - Wrist shot by Anders Lee.
0:33 of 1st period - Stopped by Niklas Backstrom without a rebound.
0:34 of 1st period - Tom Pyatt wins face-off versus Cal O'Reilly in Monarchs zone.
0:47 of 1st period - Wrist shot by Connor Brown.
0:47 of 1st period - Stopped by Christopher Gibson with a rebound.
0:49 of 1st period - Snap shot by Brandon Gormley.
0:49 of 1st period - Stopped by Christopher Gibson with a rebound.
0:56 of 1st period - Icing by Christian Folin.
0:57 of 1st period - Colton Sissons wins face-off versus Cal O'Reilly in Inferno zone.
1:10 of 1st period - Wrist shot by Joe Morrow.
1:10 of 1st period - Stopped by Christopher Gibson with a rebound.
1:12 of 1st period - Snap shot by Riley Cote.
1:12 of 1st period - Deflect By Emerson Etem.
1:12 of 1st period - Shot Misses the Net.
1:12 of 1st period - Puck is out of play.
1:13 of 1st period - Vladimir Sobotka wins face-off versus Tyler Toffoli in Inferno zone.
1:15 of 1st period - Minor Penalty to Mathieu Brodeur for Interference.
1:16 of 1st period - Vladimir Sobotka wins face-off versus Tyler Toffoli in Inferno zone.
1:30 of 1st period - Slapshot by Matt Irwin.
1:30 of 1st period - Stopped by Christopher Gibson without a rebound.
1:31 of 1st period - Vladimir Sobotka wins face-off versus Chris Tierney in Inferno zone.
1:44 of 1st period - Slapshot by Matt Irwin.
1:44 of 1st period - Stopped by Christopher Gibson without a rebound.
1:45 of 1st period - Tyler Toffoli wins face-off versus Vladimir Sobotka in Inferno zone.
1:46 of 1st period - Wrist shot by Nikita Kucherov.
1:46 of 1st period - Shot Blocked by Sami Vatanen.
1:54 of 1st period - Wrist shot by David Ullstrom.
1:54 of 1st period - Stopped by Niklas Backstrom without a rebound.
1:55 of 1st period - Tyler Toffoli wins face-off versus Vladimir Sobotka in Monarchs zone.
2:00 of 1st period - Snap shot by Nikita Kucherov.
2:00 of 1st period - Goal by Nikita Kucherov - Inferno : 0 - Monarchs : 1.
2:01 of 1st period - Vladimir Sobotka wins face-off versus Tyler Toffoli in neutral zone.
2:18 of 1st period - Off-side.
2:19 of 1st period - Anders Lee wins face-off versus Tom Pyatt in neutral zone.
2:44 of 1st period - Mathieu Brodeur is hit by Emerson Etem and loses puck.
3:11 of 1st period - Snap shot by Tyler Toffoli.
3:11 of 1st period - Stopped by Christopher Gibson without a rebound.
3:12 of 1st period - Tom Pyatt wins face-off versus Anders Lee in Inferno zone.
3:39 of 1st period - Sami Vatanen is hit by Olli Maatta and loses puck.
4:04 of 1st period - Simon Danis-Pepin is hit by Colton Sissons and loses puck.
4:24 of 1st period - Snap shot by Vladimir Zharkov.
4:24 of 1st period - Shot Blocked by Jordie Benn.
4:26 of 1st period - Slapshot by David Ullstrom.
4:26 of 1st period - Deflect By Vladimir Sobotka.
4:26 of 1st period - Shot Misses the Net.
4:26 of 1st period - Puck is out of play.
4:27 of 1st period - Kyle Palmieri wins face-off versus Chris Tierney in Monarchs zone.
4:32 of 1st period - Wrist shot by Kyle Palmieri.
4:32 of 1st period - Shot Blocked by Olli Maatta.
5:16 of 1st period - Wrist shot by Anders Lee.
5:16 of 1st period - Shot Misses the Net.
6:06 of 1st period - Wrist shot by Anders Lee.
6:06 of 1st period - Shot Blocked by Matt Irwin.
6:31 of 1st period - Snap shot by Anders Lee.
6:31 of 1st period - Stopped by Niklas Backstrom with a rebound.
6:35 of 1st period - Snap shot by Anders Lee.
6:35 of 1st period - Deflect By Matt Tennyson.
6:35 of 1st period - Shot Misses the Net.
6:35 of 1st period - Puck is out of play.
6:36 of 1st period - Vladimir Sobotka wins face-off versus Tyler Toffoli in Monarchs zone.
6:37 of 1st period - Wrist shot by David Ullstrom.
6:37 of 1st period - Goal by David Ullstrom - Inferno : 1 - Monarchs : 1.
6:38 of 1st period - Vladimir Sobotka wins face-off versus Tyler Toffoli in neutral zone.
7:10 of 1st period - Mathieu Brodeur is hit by Brandon Gormley and loses puck.
10:25 of 1st period - Kyle Palmieri is hit by Emerson Etem and loses puck.
10:36 of 1st period - Tom Pyatt is hit by Mathieu Brodeur and loses puck.
10:52 of 1st period - Slapshot by Zach Redmond.
10:52 of 1st period - Shot Misses the Net.
11:04 of 1st period - Cal O'Reilly is hit by Brandon Gormley.
11:30 of 1st period - Riley Cote is hit by Matthew Nieto and loses puck.
11:41 of 1st period - Esa Lindell is hit by Colton Sissons and loses puck.
12:17 of 1st period - Colton Sissons is hit by Mathieu Brodeur.
12:21 of 1st period - Colton Sissons is hit by Matthew Nieto and loses puck.
12:32 of 1st period - Matt Tennyson is hit by David Savard.
12:39 of 1st period - Off-side.
12:40 of 1st period - Kyle Palmieri wins face-off versus Chris Tierney in neutral zone.
12:43 of 1st period - Brandon Gormley is hit by Christian Folin and loses puck.
13:04 of 1st period - Zach Redmond is hit by Tyler Toffoli and loses puck.
13:25 of 1st period - Snap shot by David Ullstrom.
13:25 of 1st period - Stopped by Niklas Backstrom with a rebound.
13:33 of 1st period - Wrist shot by Cal O'Reilly.
13:33 of 1st period - Deflect By Tanner Pearson.
13:33 of 1st period - Stopped by Niklas Backstrom without a rebound.
13:34 of 1st period - Cal O'Reilly wins face-off versus Tyler Toffoli in Monarchs zone.
13:45 of 1st period - Snap shot by Cal O'Reilly.
13:45 of 1st period - Stopped by Niklas Backstrom with a rebound.
13:49 of 1st period - Snap shot by Cal O'Reilly.
13:49 of 1st period - Shot Misses the Net.
14:47 of 1st period - Backhand shot by Matt Irwin.
14:47 of 1st period - Shot Misses the Net.
14:49 of 1st period - Slapshot by Patrick Maroon.
14:49 of 1st period - Shot Misses the Net.
15:19 of 1st period - Simon Danis-Pepin is hit by Jeff Skinner and loses puck.
15:27 of 1st period - Minor Penalty to Simon Danis-Pepin for Tripping.
15:28 of 1st period - Tyler Toffoli wins face-off versus David Ullstrom in Inferno zone.
16:29 of 1st period - Slapshot by Nikita Kucherov.
16:29 of 1st period - Shot Misses the Net.
16:31 of 1st period - Slapshot by Brandon Gormley.
16:31 of 1st period - Shot Misses the Net.
16:33 of 1st period - Wrist shot by Connor Brown.
16:33 of 1st period - Shot Misses the Net.
16:35 of 1st period - Slapshot by Nikita Kucherov.
16:35 of 1st period - Shot Misses the Net.
16:37 of 1st period - Slapshot by Matt Irwin.
16:37 of 1st period - Deflect By Nikita Kucherov.
16:37 of 1st period - Stopped by Christopher Gibson with a rebound.
16:39 of 1st period - Wrist shot by Tyler Toffoli.
16:39 of 1st period - Shot Misses the Net.
16:41 of 1st period - Wrist shot by Tyler Toffoli.
16:41 of 1st period - Shot Misses the Net.
16:43 of 1st period - Wrist shot by Nikita Kucherov.
16:43 of 1st period - Shot Misses the Net.
16:47 of 1st period - Wrist shot by Nikita Kucherov.
16:47 of 1st period - Stopped by Christopher Gibson with a rebound.
16:51 of 1st period - Wrist shot by Tyler Toffoli.
16:51 of 1st period - Stopped by Christopher Gibson with a rebound.
16:53 of 1st period - Wrist shot by Nikita Kucherov.
16:53 of 1st period - Shot Blocked by David Savard.
16:55 of 1st period - Slapshot by Matt Irwin.
16:55 of 1st period - Monarchs goal is going for a video replay.
16:55 of 1st period - The goal is refused. The referee deems the play has been stopped, even if he had not physically had the opportunity to stop play by blowing his whistle..
16:56 of 1st period - David Ullstrom wins face-off versus Chris Tierney in Inferno zone.
17:27 of 1st period - Penalty to Simon Danis-Pepin is over, Simon Danis-Pepin is back on ice.
17:49 of 1st period - Minor Penalty to Zach Redmond for Slashing.
17:50 of 1st period - Vladimir Sobotka wins face-off versus Chris Tierney in Inferno zone.
17:50 of 1st period - Vladimir Sobotka is hit by Jeff Skinner.
18:25 of 1st period - Wrist shot by Cal O'Reilly.
18:25 of 1st period - Stopped by Niklas Backstrom with a rebound.
19:49 of 1st period - Penalty to Zach Redmond is over, Zach Redmond is back on ice.
19:53 of 1st period - Snap shot by Patrick Maroon.
19:53 of 1st period - Stopped by Christopher Gibson without a rebound.
19:54 of 1st period - Tanner Pearson wins face-off versus Colton Sissons in Inferno zone.
Goals for this period are 1 for Inferno vs 1 for Monarchs .
Shots for this period are 8 for Inferno vs 12 for Monarchs .
2nd period
0:01 of 2nd period - Kyle Clifford wins face-off versus Vladimir Sobotka in neutral zone.
0:25 of 2nd period - Olli Maatta is hit by Sami Vatanen and loses puck.
1:06 of 2nd period - Mathieu Brodeur is hit by Kyle Clifford and loses puck.
1:31 of 2nd period - Wrist shot by David Ullstrom.
1:31 of 2nd period - Stopped by Niklas Backstrom without a rebound.
1:32 of 2nd period - Vladimir Sobotka wins face-off versus Tom Pyatt in Monarchs zone.
2:15 of 2nd period - Brandon Gormley is hit by David Savard.
2:19 of 2nd period - Slapshot by Tom Pyatt.
2:19 of 2nd period - Shot Blocked by Matt Kassian.
2:21 of 2nd period - Slapshot by Brandon Gormley.
2:21 of 2nd period - Shot Blocked by David Savard.
2:39 of 2nd period - Snap shot by Connor Brown.
2:39 of 2nd period - Shot Blocked by Vladimir Sobotka.
2:41 of 2nd period - Slapshot by Brandon Gormley.
2:41 of 2nd period - Stopped by Christopher Gibson without a rebound.
2:42 of 2nd period - Vladimir Sobotka wins face-off versus Tyler Toffoli in Inferno zone.
2:56 of 2nd period - Icing by Vladimir Zharkov.
2:57 of 2nd period - Chris Tierney wins face-off versus Vladimir Sobotka in Inferno zone.
2:58 of 2nd period - Slapshot by Matt Irwin.
2:58 of 2nd period - Shot Blocked by Simon Danis-Pepin.
3:00 of 2nd period - Slapshot by Matt Tennyson.
3:00 of 2nd period - Stopped by Christopher Gibson with a rebound.
3:02 of 2nd period - Wrist shot by Riley Cote.
3:02 of 2nd period - Shot Blocked by Vladimir Zharkov.
3:04 of 2nd period - Slapshot by Matt Irwin.
3:04 of 2nd period - Stopped by Christopher Gibson with a rebound.
3:06 of 2nd period - Wrist shot by Chris Tierney.
3:06 of 2nd period - Shot Misses the Net.
3:08 of 2nd period - Snap shot by Chris Tierney.
3:08 of 2nd period - Shot Misses the Net.
3:10 of 2nd period - Slapshot by Matt Tennyson.
3:10 of 2nd period - Shot Blocked by Sami Vatanen.
3:22 of 2nd period - Snap shot by Kyle Palmieri.
3:22 of 2nd period - Shot Misses the Net.
3:24 of 2nd period - Snap shot by Matt Kassian.
3:24 of 2nd period - Shot Misses the Net.
3:26 of 2nd period - Slapshot by Sami Vatanen.
3:26 of 2nd period - Shot Misses the Net.
3:28 of 2nd period - Slapshot by Sami Vatanen.
3:28 of 2nd period - Stopped by Niklas Backstrom without a rebound.
3:29 of 2nd period - Tyler Toffoli wins face-off versus Anders Lee in Monarchs zone.
3:42 of 2nd period - Snap shot by Tyler Toffoli.
3:42 of 2nd period - Stopped by Christopher Gibson with a rebound.
3:44 of 2nd period - Wrist shot by Nikita Kucherov.
3:44 of 2nd period - Stopped by Christopher Gibson with a rebound.
3:56 of 2nd period - Icing by Matt Kassian.
3:57 of 2nd period - Anders Lee wins face-off versus Tom Pyatt in Inferno zone.
4:06 of 2nd period - Slapshot by Matt Kassian.
4:06 of 2nd period - Stopped by Niklas Backstrom without a rebound.
4:07 of 2nd period - Vladimir Sobotka wins face-off versus Kyle Clifford in Monarchs zone.
4:38 of 2nd period - Slapshot by Matt Irwin.
4:38 of 2nd period - Stopped by Christopher Gibson with a rebound.
4:40 of 2nd period - Wrist shot by Chris Tierney.
4:40 of 2nd period - Deflect By Riley Cote.
4:40 of 2nd period - Stopped by Christopher Gibson with a rebound.
4:42 of 2nd period - Snap shot by Riley Cote.
4:42 of 2nd period - Deflect By Chris Tierney.
4:42 of 2nd period - Shot Misses the Net.
4:42 of 2nd period - Puck is out of play.
4:43 of 2nd period - Vladimir Sobotka wins face-off versus Tom Pyatt in Inferno zone.
5:28 of 2nd period - Icing by Anders Lee.
5:29 of 2nd period - Chris Tierney wins face-off versus Cal O'Reilly in Inferno zone.
5:58 of 2nd period - Snap shot by Nikita Kucherov.
5:58 of 2nd period - Shot Misses the Net.
6:36 of 2nd period - Snap shot by Kyle Clifford.
6:36 of 2nd period - Shot Misses the Net.
6:39 of 2nd period - Icing by David Savard.
6:40 of 2nd period - Vladimir Sobotka wins face-off versus Tom Pyatt in Inferno zone.
6:40 of 2nd period - Vladimir Sobotka is hit by Brandon Gormley.
6:48 of 2nd period - Olli Maatta is hit by Vladimir Sobotka and loses puck.
8:04 of 2nd period - Minor Penalty to Victor Rask for High sticking.
8:05 of 2nd period - Tyler Toffoli wins face-off versus Vladimir Sobotka in Inferno zone.
10:04 of 2nd period - Penalty to Victor Rask is over, Victor Rask is back on ice.
10:08 of 2nd period - David Ullstrom is hit by Patrick Maroon and loses puck.
10:15 of 2nd period - Slapshot by Patrick Maroon.
10:15 of 2nd period - Shot Blocked by David Ullstrom.
10:17 of 2nd period - Snap shot by Bryan Rust.
10:17 of 2nd period - Shot Misses the Net.
10:19 of 2nd period - Wrist shot by Bryan Rust.
10:19 of 2nd period - Shot Misses the Net.
10:51 of 2nd period - Snap shot by Esa Lindell.
10:51 of 2nd period - Stopped by Niklas Backstrom without a rebound.
10:52 of 2nd period - Chris Tierney wins face-off versus Cal O'Reilly in Monarchs zone.
11:26 of 2nd period - Snap shot by Patrick Maroon.
11:26 of 2nd period - Shot Blocked by Tyler Shattock.
11:54 of 2nd period - Slapshot by Tom Pyatt.
11:54 of 2nd period - Stopped by Christopher Gibson with a rebound.
11:56 of 2nd period - Snap shot by Jeff Skinner.
11:56 of 2nd period - Shot Hit the Post.
12:10 of 2nd period - David Savard is hit by Matt Irwin and loses puck.
12:32 of 2nd period - Matthew Nieto is hit by Emerson Etem and loses puck.
13:08 of 2nd period - Wrist shot by Kyle Clifford.
13:08 of 2nd period - Shot Misses the Net.
13:24 of 2nd period - Jeff Skinner is hit by Matt Kassian and loses puck.
13:44 of 2nd period - Vladimir Zharkov is hit by Riley Cote and loses puck.
13:51 of 2nd period - Emerson Etem is hit by David Ullstrom and loses puck.
14:04 of 2nd period - Snap shot by Matthew Nieto.
14:04 of 2nd period - Stopped by Niklas Backstrom without a rebound.
14:05 of 2nd period - Victor Rask wins face-off versus Nikita Kucherov in Monarchs zone.
14:06 of 2nd period - Wrist shot by Matthew Nieto.
14:06 of 2nd period - Shot Blocked by Tyler Toffoli.
14:30 of 2nd period - Vladimir Zharkov is hit by Tom Pyatt.
14:36 of 2nd period - Snap shot by Tom Pyatt.
14:36 of 2nd period - Stopped by Christopher Gibson with a rebound.
14:38 of 2nd period - Snap shot by Jeff Skinner.
14:38 of 2nd period - Stopped by Christopher Gibson without a rebound.
14:39 of 2nd period - Vladimir Sobotka wins face-off versus Tyler Toffoli in Inferno zone.
14:50 of 2nd period - Snap shot by Nikita Kucherov.
14:50 of 2nd period - Goal by Nikita Kucherov - Inferno : 1 - Monarchs : 2.
14:51 of 2nd period - Tyler Toffoli wins face-off versus Vladimir Sobotka in neutral zone.
15:45 of 2nd period - Slapshot by Cal O'Reilly.
15:45 of 2nd period - Goal by Cal O'Reilly - Inferno : 2 - Monarchs : 2.
15:46 of 2nd period - Vladimir Sobotka wins face-off versus Tyler Toffoli in neutral zone.
15:58 of 2nd period - Minor Penalty to Vladimir Zharkov for Elbowing.
15:59 of 2nd period - Tyler Toffoli wins face-off versus Vladimir Sobotka in Inferno zone.
17:14 of 2nd period - Emerson Etem is hit by Cal O'Reilly and loses puck.
17:58 of 2nd period - Penalty to Vladimir Zharkov is over, Vladimir Zharkov is back on ice.
18:52 of 2nd period - Slapshot by Kyle Palmieri.
18:52 of 2nd period - Stopped by Niklas Backstrom without a rebound.
18:53 of 2nd period - Anders Lee wins face-off versus Chris Tierney in Monarchs zone.
19:00 of 2nd period - Snap shot by Anders Lee.
19:00 of 2nd period - Goal by Anders Lee - Inferno : 3 - Monarchs : 2.
19:01 of 2nd period - Vladimir Sobotka wins face-off versus Tyler Toffoli in neutral zone.
19:30 of 2nd period - Wrist shot by Emerson Etem.
19:30 of 2nd period - Deflect By Chris Tierney.
19:30 of 2nd period - Stopped by Christopher Gibson with a rebound.
19:32 of 2nd period - Wrist shot by Emerson Etem.
19:32 of 2nd period - Shot Blocked by David Ullstrom.
19:34 of 2nd period - Slapshot by Matt Tennyson.
19:34 of 2nd period - Shot Blocked by David Savard.
19:36 of 2nd period - Slapshot by Riley Cote.
19:36 of 2nd period - Shot Blocked by David Savard.
19:38 of 2nd period - Slapshot by Matt Irwin.
19:38 of 2nd period - Shot Misses the Net.
19:52 of 2nd period - Matt Irwin is hit by David Savard and loses puck.
Goals for this period are 2 for Inferno vs 1 for Monarchs .
Shots for this period are 8 for Inferno vs 12 for Monarchs .
3rd period
0:01 of 3rd period - Tyler Toffoli wins face-off versus Vladimir Sobotka in neutral zone.
0:10 of 3rd period - Wrist shot by Kyle Clifford.
0:10 of 3rd period - Shot Misses the Net.
0:37 of 3rd period - Backhand shot by Sami Vatanen.
0:37 of 3rd period - Deflect By Tom Pyatt.
0:37 of 3rd period - Stopped by Niklas Backstrom without a rebound.
0:38 of 3rd period - Anders Lee wins face-off versus Connor Brown in Monarchs zone.
0:41 of 3rd period - Wrist shot by Kyle Palmieri.
0:41 of 3rd period - Shot Blocked by Matt Tennyson.
0:43 of 3rd period - Wrist shot by Matt Kassian.
0:43 of 3rd period - Deflect By Jeff Skinner.
0:43 of 3rd period - Shot Misses the Net.
0:43 of 3rd period - Puck is out of play.
0:44 of 3rd period - Vladimir Sobotka wins face-off versus Tom Pyatt in Monarchs zone.
0:47 of 3rd period - Wrist shot by Vladimir Sobotka.
0:47 of 3rd period - Stopped by Niklas Backstrom with a rebound.
0:57 of 3rd period - Wrist shot by David Ullstrom.
0:57 of 3rd period - Stopped by Niklas Backstrom with a rebound.
0:59 of 3rd period - Wrist shot by David Ullstrom.
0:59 of 3rd period - Shot Misses the Net.
1:33 of 3rd period - Slapshot by Riley Cote.
1:33 of 3rd period - Shot Blocked by Sami Vatanen.
1:52 of 3rd period - Icing by Simon Danis-Pepin.
1:53 of 3rd period - Victor Rask wins face-off versus Colton Sissons in Inferno zone.
2:00 of 3rd period - Tyler Shattock is hit by Colton Sissons and loses puck.
2:25 of 3rd period - Backhand shot by Tyler Toffoli.
2:25 of 3rd period - Stopped by Christopher Gibson with a rebound.
2:43 of 3rd period - Jordie Benn is hit by Matt Kassian and loses puck.
2:48 of 3rd period - Snap shot by Kyle Palmieri.
2:48 of 3rd period - Stopped by Niklas Backstrom with a rebound.
2:50 of 3rd period - Slapshot by Anders Lee.
2:50 of 3rd period - Shot Blocked by Jeff Skinner.
3:22 of 3rd period - Minor Penalty to Riley Cote for Slashing.
3:23 of 3rd period - Chris Tierney wins face-off versus Anders Lee in Monarchs zone.
4:50 of 3rd period - Icing by Sami Vatanen.
4:51 of 3rd period - Victor Rask wins face-off versus Bryan Rust in Inferno zone.
5:08 of 3rd period - Olli Maatta is hit by Matt Kassian and loses puck.
5:22 of 3rd period - Penalty to Riley Cote is over, Riley Cote is back on ice.
5:30 of 3rd period - Off-side.
5:31 of 3rd period - Tom Pyatt wins face-off versus Victor Rask in neutral zone.
5:38 of 3rd period - Wrist shot by Connor Brown.
5:38 of 3rd period - Stopped by Christopher Gibson with a rebound.
5:40 of 3rd period - Wrist shot by Connor Brown.
5:40 of 3rd period - Shot Misses the Net.
5:42 of 3rd period - Snap shot by Jeff Skinner.
5:42 of 3rd period - Deflect By Tom Pyatt.
5:42 of 3rd period - Shot Blocked by Mathieu Brodeur.
5:42 of 3rd period - Puck is out of play.
5:43 of 3rd period - Vladimir Sobotka wins face-off versus Tyler Toffoli in Inferno zone.
5:47 of 3rd period - Off-side.
5:48 of 3rd period - Vladimir Sobotka wins face-off versus Tyler Toffoli in neutral zone.
6:09 of 3rd period - Minor Penalty to Vladimir Zharkov for Goalie Interference.
6:10 of 3rd period - Vladimir Sobotka wins face-off versus Tyler Toffoli in Inferno zone.
6:23 of 3rd period - Snap shot by Vladimir Sobotka.
6:23 of 3rd period - Stopped by Niklas Backstrom with a rebound.
8:09 of 3rd period - Penalty to Vladimir Zharkov is over, Vladimir Zharkov is back on ice.
8:12 of 3rd period - Icing by Vladimir Zharkov.
8:13 of 3rd period - Chris Tierney wins face-off versus Cal O'Reilly in Inferno zone.
8:19 of 3rd period - Icing by Zach Redmond.
8:20 of 3rd period - Cal O'Reilly wins face-off versus Colton Sissons in Inferno zone.
8:20 of 3rd period - Cal O'Reilly is hit by Joe Morrow.
8:36 of 3rd period - Snap shot by Patrick Maroon.
8:36 of 3rd period - Stopped by Christopher Gibson with a rebound.
8:54 of 3rd period - Snap shot by Kyle Palmieri.
8:54 of 3rd period - Shot Misses the Net.
10:22 of 3rd period - Wrist shot by David Ullstrom.
10:22 of 3rd period - Deflect By Vladimir Zharkov.
10:22 of 3rd period - Shot Blocked by Riley Cote.
10:22 of 3rd period - Puck is out of play.
10:23 of 3rd period - Tyler Toffoli wins face-off versus Anders Lee in Monarchs zone.
10:28 of 3rd period - David Savard is hit by Kyle Clifford and loses puck.
10:39 of 3rd period - Wrist shot by Matt Kassian.
10:39 of 3rd period - Goal by Matt Kassian - Inferno : 4 - Monarchs : 2.
10:40 of 3rd period - David Ullstrom wins face-off versus Tyler Toffoli in neutral zone.
10:57 of 3rd period - Simon Danis-Pepin is hit by Matt Irwin and loses puck.
11:26 of 3rd period - Simon Danis-Pepin is hit by Riley Cote and loses puck.
11:51 of 3rd period - Snap shot by Riley Cote.
11:51 of 3rd period - Shot Blocked by David Ullstrom.
11:53 of 3rd period - Minor Penalty to Vladimir Sobotka for Hooking.
11:54 of 3rd period - Cal O'Reilly wins face-off versus Tyler Toffoli in Inferno zone.
12:03 of 3rd period - Mathieu Brodeur is hit by Matt Irwin and loses puck.
12:24 of 3rd period - Slapshot by David Savard.
12:24 of 3rd period - Shot Misses the Net.
12:26 of 3rd period - Slapshot by Matthew Nieto.
12:26 of 3rd period - Stopped by Niklas Backstrom with a rebound.
12:28 of 3rd period - Slapshot by Mathieu Brodeur.
12:28 of 3rd period - Shot Misses the Net.
12:30 of 3rd period - Slapshot by Sami Vatanen.
12:30 of 3rd period - Stopped by Niklas Backstrom with a rebound.
13:53 of 3rd period - Penalty to Vladimir Sobotka is over, Vladimir Sobotka is back on ice.
14:35 of 3rd period - Jordie Benn is hit by Mathieu Brodeur and loses puck.
14:57 of 3rd period - Slapshot by Vladimir Sobotka.
14:57 of 3rd period - Stopped by Niklas Backstrom without a rebound.
14:58 of 3rd period - Tanner Pearson wins face-off versus Colton Sissons in Monarchs zone.
15:23 of 3rd period - Anders Lee is hit by Kyle Clifford and loses puck.
15:46 of 3rd period - Slapshot by Jordie Benn.
15:46 of 3rd period - Shot Hit the Post.
15:48 of 3rd period - Wrist shot by Chris Tierney.
15:48 of 3rd period - Shot Misses the Net.
15:50 of 3rd period - Wrist shot by Riley Cote.
15:50 of 3rd period - Goal by Riley Cote - Inferno : 4 - Monarchs : 3.
15:51 of 3rd period - Jeff Skinner wins face-off versus Cal O'Reilly in neutral zone.
15:54 of 3rd period - Snap shot by Connor Brown.
15:54 of 3rd period - Shot Blocked by Cal O'Reilly.
17:06 of 3rd period - Wrist shot by Colton Sissons.
17:06 of 3rd period - Shot Misses the Net.
17:34 of 3rd period - Mathieu Brodeur is hit by Jeff Skinner and loses puck.
17:49 of 3rd period - Cal O'Reilly is hit by Chris Tierney and loses puck.
18:02 of 3rd period - Snap shot by Matt Kassian.
18:02 of 3rd period - Stopped by Niklas Backstrom with a rebound.
18:04 of 3rd period - Minor Penalty to Kyle Clifford for Goalie Interference.
18:05 of 3rd period - Riley Cote wins face-off versus Anders Lee in Monarchs zone.
18:05 of 3rd period - Riley Cote is hit by Anders Lee.
18:18 of 3rd period - Slapshot by Simon Danis-Pepin.
18:18 of 3rd period - Deflect By Matt Tennyson.
18:18 of 3rd period - Stopped by Niklas Backstrom with a rebound.
18:20 of 3rd period - Slapshot by Vladimir Zharkov.
18:20 of 3rd period - Shot Misses the Net.
18:30 of 3rd period - Jordie Benn is hit by Kyle Palmieri and loses puck.
Goals for this period are 1 for Inferno vs 1 for Monarchs .
Shots for this period are 11 for Inferno vs 4 for Monarchs .
Back to the Top